 Dungeon Crawl Stone Soup version 0.31.0-9-g3a7656b989 (webtiles) character file.

Game seed: 6839368902825486457

169 qw the Skirmisher (level 5, -1/29 HPs)
             Began as a Deep Elf Hunter on Feb 2, 2024.
             Slain by an orc
             ... wielding a +0 club
              (5 damage)
             ... on level 4 of the Dungeon.
             The game lasted 00:00:07 (2272 turns).

qw the Skirmisher (Deep Elf Hunter)                 Turns: 2272, Time: 00:00:08

Health: -1/29      AC:  5    Str: 10    XL:     5   Next: 25%
Magic:  7/7        EV: 11    Int: 14    God:
Gold:   156        SH:  0    Dex: 18    Spells: 4/4 levels left

rFire   . . .        a - +0 shortbow
rCold   . . .        (shield currently unavailable)
rNeg    . . .        e - +0 ring mail
rPois   .            (no helmet)
rElec   .            (no cloak)
rCorr   .            (no gloves)
SInv    .            (no boots)
Will    .....        (no amulet)
Stlth   +            (no ring)
HPRegen 0.24/turn    (no ring)
MPRegen 0.10/turn

%: no passive effects
@: no status effects
A: no striking features
a: no special abilities


You were on level 4 of the Dungeon.
You visited 1 branch of the dungeon, and saw 4 of its levels.

You collected 156 gold pieces.


   Skills:
 - Level 1.5 Fighting
 + Level 8.7 Ranged Weapons
 - Level 2.4 Dodging
 - Level 1.2 Stealth


You had 4 spell levels left.
You didn't know any spells.
Your spell library was empty.

Inventory:

Hand Weapons
 a - a +0 shortbow (weapon)
Armour
 e - a +0 ring mail (worn)
Jewellery
 j - a ring of ice
Wands
 i - a wand of flame (27)
Potions
 c - a potion of resistance {unknown}
 d - 2 potions of curing
 f - a potion of mutation
 g - a potion of degeneration {unknown}
 h - a potion of haste
 l - a potion of might {unknown}

Dungeon Overview and Level Annotations

Branches:
Dungeon (4/15)
 Temple: D:4-7

Altars:
Kikubaaqudgha


Message History

The arrow hits the adder.
The adder is moderately wounded.
The orc throws a boomerang.
The boomerang misses you.
You shoot an arrow. The arrow hits the adder.
The adder is heavily wounded.
The adder bites you but does no damage.
You shoot an arrow. The arrow barely misses the adder.
The arrow hits the bombardier beetle but does no damage.
The bombardier beetle is moderately wounded.
The adder bites you.
You shoot an arrow. The arrow barely misses the adder.
The arrow hits the bombardier beetle.
The bombardier beetle is severely wounded.
The adder bites you but does no damage.
An orc comes into view. It is wielding a +0 club.
The adder barely misses you.
You shoot an arrow. The orc shouts!
The arrow hits the adder!
You kill the adder!
The bombardier beetle sprays incendiary fluid at you.
The burning spray misses you.
You shoot an arrow.
The arrow barely misses the bombardier beetle.
You shoot an arrow.
The arrow hits the bombardier beetle but does no damage.
The bombardier beetle is severely wounded.
You shoot an arrow.
The arrow barely misses the bombardier beetle.
The bombardier beetle bites you.
You shoot an arrow. The arrow hits the bombardier beetle.
The bombardier beetle is almost dead.
The bombardier beetle closely misses you.
The orc misses you.
You shoot an arrow.
The arrow barely misses the bombardier beetle.
You shoot an arrow. The arrow hits the bombardier beetle!
You kill the bombardier beetle!
The orc hits you with a +0 club.
You die...

... ...... ..
.....# ..
#.....# #.
....... #..
......#
#..##.....#
...#...o.....#
#....o%@.....#
#.....##......#
..... .#.....
.... .# ...$
... .. ... ..
.# .. . .. . ..


You could see 2 orcs.

Vanquished Creatures
  A bombardier beetle (D:4)
  2 orc priests (D:4)
  2 adders
  3 ribbon worms
  2 dart slugs (D:1)
  8 orcs
  10 endoplasms
  A giant cockroach (D:2)
  3 goblins
  5 hobgoblins
  3 jackals (D:2)
  2 quokkas
  8 ball pythons
  5 bats
  3 frilled lizards
  7 kobolds
  3 rats
68 creatures vanquished.

Notes
Turn   | Place    | Note
-------+----------+-------------------------------------------
     0 | D:1      | qw the Deep Elf Hunter began the quest for the Orb.
     0 | D:1      | Reached XP level 1. HP: 12/12 MP: 3/3
     0 | D:1      | 0 ||| qw: Version: 0.3-a-155-g5e7d8dd
     0 | D:1      | 0 ||| qw: Game counter: 2661
     0 | D:1      | 0 ||| qw: Melee chars always use a shield: true
     0 | D:1      | 0 ||| qw: God list: Okawaru
     0 | D:1      | 0 ||| qw: Allow faded altars: false
     0 | D:1      | 0 ||| qw: Do Orc after clearing Dungeon:15 true
     0 | D:1      | 0 ||| qw: Do second Lair branch before Depths: true
     0 | D:1      | 0 ||| qw: Lair rune preference: random
     0 | D:1      | 0 ||| qw: Goals: Normal
     0 | D:1      | 0 ||| PLANNING D:1-11
   125 | D:1      | Reached skill level 6 in Ranged Weapons
   125 | D:1      | Reached XP level 2. HP: 8/16 MP: 4/4
   291 | D:1      | Found a faded altar of an unknown god.
   632 | D:1      | 632 ||| READING 2 scrolls labelled ELLIDD AQEZAABB.
   632 | D:1      | 632 ||| IDENTIFYING metallic sapphire potion
   633 | D:1      | 633 ||| READING scroll of identify.
   633 | D:1      | 633 ||| IDENTIFYING yellow potion
   634 | D:1      | 634 ||| READING scroll labelled POL EGEICSUTI.
   735 | D:1      | 735 ||| DROPPING scroll of butterflies.
   736 | D:1      | 736 ||| DROPPING potion of lignification.
   870 | D:2      | Reached XP level 3. HP: 20/20 MP: 5/5
  1181 | D:2      | Reached skill level 7 in Ranged Weapons
  1558 | D:2      | 1558 ||| UPGRADING to +0 scale mail.
  1568 | D:2      | 1568 ||| DROPPING +0 leather armour.
  1569 | D:2      | 1569 ||| READING scroll of identify.
  1569 | D:2      | 1569 ||| IDENTIFYING fuming coppery potion
  1570 | D:2      | 1570 ||| READING 2 scrolls labelled DEPSOU HAEVEL.
  1575 | D:2      | 1575 ||| READING scroll labelled YWNOGU DAEM.
  1576 | D:2      | 1576 ||| DRINKING 2 viscous grey potions.
  1688 | D:3      | Reached XP level 4. HP: 13/25 MP: 6/6
  1886 | D:3      | Found an ancient bone altar of Kikubaaqudgha.
  2191 | D:3      | 2191 ||| UPGRADING to +0 ring mail.
  2201 | D:3      | 2201 ||| DROPPING +0 scale mail.
  2202 | D:3      | 2202 ||| READING scroll labelled TOINILL DAPSOS.
  2245 | D:4      | 2245 ||| FLEEEEING.
  2247 | D:4      | Noticed a phantom
  2248 | D:4      | 2248 ||| RETREEEEATING.
  2254 | D:4      | Reached skill level 8 in Ranged Weapons
  2257 | D:4      | HP: 5/25 [orc priest/divine providence (13)]
  2258 | D:4      | 2258 ||| READING scroll of teleportation.
  2260 | D:4      | Reached XP level 5. HP: 7/29 MP: 7/7
  2264 | D:4      | HP: 5/29 [adder (3)]
  2269 | D:4      | HP: 3/29 [bombardier beetle (3)]
  2272 | D:4      | Slain by an orc

Levels and vault maps discovered:
D:1:      minmay_arrival_radiant_lines, layout_loops_ring,
          chequers_ecumenical_altar_island
D:2:      layout_basic, wad_woods_river_04
D:3:      layout_loops_cross, kiku_gazebo_pond_becter, dk_noncrumbling_3
D:4:      layout_cave_pools

Skill      XL: |  1  2  3  4 |
---------------+-------------+-----
Ranged Weapons | 6 7 8 |  8.7
Fighting       | |  1.5
Dodging        | |  2.4
Stealth        | |  1.2

Action                     |  1- 3 |  4- 6 || total
---------------------------+-------+-------++-------
   Fire: Shortbow          |   131 |    63 ||   194
    Use: Scroll            |     6 |     2 ||     8
         Potion            |     1 |       ||     1
 Armour: Leather armour    |    14 |       ||    14
         Scale mail        |    13 |     8 ||    21
         Ring mail         |       |     9 ||     9
  Dodge: Dodged            |    18 |    12 ||    30

Table legend:
 A = Non-vault XP
 B = Vault XP
 C = Vault XP percentage of total XP
 D = Non-vault monster count
 E = Vault monster count
 F = Vault count percentage of total count
                 A         B        C        D         E       F
            +---------+---------+-------+---------+---------+-------
      Total |     284 |       0 |   0.0 |      68 |       0 |   0.0
            +---------+---------+-------+---------+---------+-------
        D:1 |      37 |       0 |   0.0 |      20 |       0 |   0.0
        D:2 |      41 |       0 |   0.0 |      20 |       0 |   0.0
        D:3 |      50 |       0 |   0.0 |      17 |       0 |   0.0
        D:4 |     156 |       0 |   0.0 |      11 |       0 |   0.0
            +---------+---------+-------+---------+---------+-------
